 Dungeon Crawl Stone Soup version 0.31-a0-1321-g5021b54cb2 (webtiles) character file.

Game seed: 9880737168364051870

371 Curundu the Slasher (level 6, -2/55 HPs)
             Began as a Minotaur Berserker on Dec 20, 2023.
             Was a Priest of Trog.
             Killed by nerve-wracking pain
             ... invoked by Grinder
              (7 damage)
             ... while paralysed by Grinder
             ... on level 4 of the Dungeon.
             The game lasted 00:10:44 (3643 turns).

Curundu the Slasher (Minotaur Berserker)            Turns: 3643, Time: 00:10:44

Health: -2/55      AC: 10    Str: 23    XL:     6   Next: 42%
Magic:  5/5        EV:  2    Int:  4    God:    Trog [***...]
Gold:   212        SH:  0    Dex: 10    Spells: 5/5 levels left

rFire   + . .        a - +0 falchion
rCold   + . .        (no shield)
rNeg    . . .        o - +0 chain mail
rPois   +            (helmet restricted)
rElec   +            (no cloak)
rCorr   +            (no gloves)
SInv    .            e - +0 pair of boots
Will    .....        (no amulet) Stlth
                     (no ring)
HPRegen 0.29/turn    (no ring)
MPRegen 0.09/turn

%: no passive effects
@: paralysed, resistant
A: horns 2, retaliatory headbutt
a: Renounce Religion, Berserk, Trog's Hand


You were on level 4 of the Dungeon.
You worshipped Trog.
Trog was most pleased with you.
You visited 1 branch of the dungeon, and saw 4 of its levels.

You collected 212 gold pieces.

Inventory:

Hand Weapons
 a - a +0 falchion (weapon)
Missiles
 f - 5 atropa-tipped darts (quivered)
 r - 3 javelins
Armour
 e - a +0 pair of boots (worn)
 o - a +0 chain mail (worn)
 t - a +0 cloak
Wands
 p - a wand of flame (23)
Scrolls
 d - 2 scrolls of teleportation {unknown}
 h - 3 scrolls of blinking {unknown}
 i - 2 scrolls of identify {unknown}
 j - a scroll of silence {unknown}
 k - 2 scrolls of poison {unknown}
 l - 2 scrolls of enchant weapon {unknown}
 q - a scroll of immolation {unknown}
 u - a scroll of fog {unknown}
 v - 2 scrolls of fear {unknown}
Potions
 b - a potion of brilliance {unknown}
 c - a potion of resistance
 g - 3 potions of degeneration {unknown}
 m - a potion of haste {unknown}
 n - 2 potions of berserk rage {unknown}
 s - a potion of ambrosia {unknown}


   Skills:
 + Level 4.9 Fighting
 + Level 6.0 Long Blades
 + Level 0.5 Throwing
 + Level 4.8 Armour
 + Level 3.4 Dodging


You had 5 spell levels left.
You didn't know any spells.
Your spell library contained the following spells:

 Spells                   Type           Power      Damage    Failure   Level
 Foxfire                  Conj/Fire      0%         2x1d4     97%         1


Dungeon Overview and Level Annotations

Branches:
Dungeon (4/15)
 Temple: D:4-7

Altars:
Vehumet
Zin

Shops:
D:4 [

Annotations:
D:4 Grinder


Innate Abilities, Weirdness & Mutations

You have a pair of horns on your head.
You reflexively headbutt those who attack you in melee.


Message History

Grinder gestures at you. You resist with significant effort.
You hit the ball python.
You kill the ball python!
Trog accepts your kill.
It was a potion of resistance.
You feel protected.
You hit Grinder.
Grinder is lightly wounded.
Grinder hits you but does no damage.
You closely miss Grinder. You headbutt Grinder.
Grinder is moderately wounded.
Grinder hits you but does no damage.
You closely miss Grinder.
Grinder is moderately wounded.
Grinder gestures at you. You resist with significant effort.
You hit Grinder. Your headbutt misses Grinder.
Grinder is moderately wounded.
Grinder barely misses you.
You slash Grinder! Your headbutt misses Grinder.
Grinder is heavily wounded.
Grinder hits you!
* * * LOW HITPOINT WARNING * * *
You writhe in agony.
* * * LOW HITPOINT WARNING * * *
You hit Grinder.
Grinder is severely wounded.
Grinder hits you but does no damage.
You closely miss Grinder. Your headbutt misses Grinder.
Grinder is severely wounded.
Grinder gestures at you.
You suddenly lose the ability to move!
Grinder gestures at you.
You shrug off the repeated paralysis!
Grinder hits you but does no damage. Grinder gestures at you.
Pain shoots through your body!
You die...
Grinder says, "Now the real fun starts!"

...... #..# ......#
#####..#
#.!...####...#.##
#.............#
#...........##
##.†).......#
#...........#
##........#.##
#......@5#..#
#######.....## #
###.....###########
##..................
##..............###.#
##............######..
###..............# #...
##................#
#...
#####.................#
#...


You could see Grinder.

Vanquished Creatures
  Blork the orc (D:4)
  A scorpion (D:4)
  Ijyb (D:3)
  3 iguanas (D:4)
  Robin (D:4)
  4 adders
  2 worms
  5 dart slugs
  3 bats
  5 endoplasms
  4 giant cockroaches (D:1)
  13 goblins
  5 hobgoblins
  9 jackals
  6 kobolds (D:1)
  2 quokkas
  6 ball pythons
  2 frilled lizards (D:1)
  8 rats
81 creatures vanquished.

Notes
Turn   | Place    | Note
-------+----------+-------------------------------------------
     0 | D:1      | Curundu the Minotaur Berserker began the quest for the Orb.
     0 | D:1      | Reached XP level 1. HP: 19/19 MP: 0/0
   144 | D:1      | Reached XP level 2. HP: 26/27 MP: 1/1
   145 | D:1      | Reached skill level 4 in Long Blades
   159 | D:1      | Found a faded altar of an unknown god.
   165 | D:1      | Got Plato's Secrets of the Volcano
   236 | D:1      | Reached XP level 3. HP: 18/33 MP: 2/2
   367 | D:1      | Reached ** piety under Trog
  1468 | D:2      | Reached XP level 4. HP: 40/40 MP: 3/3
  1844 | D:3      | Found a radiant altar of Vehumet.
  2075 | D:3      | Reached *** piety under Trog
  2179 | D:3      | Noticed Ijyb
  2192 | D:3      | Killed Ijyb
  2534 | D:3      | Found Abbulo's Book Emporium.
  2656 | D:4      | Reached skill level 5 in Long Blades
  2656 | D:4      | Reached XP level 5. HP: 40/47 MP: 4/4
  2761 | D:4      | Found Qihamirph's Antique Armour Boutique.
  2939 | D:4      | Reached XP level 6. HP: 13/55 MP: 5/5
  3143 | D:4      | Noticed Robin
  3182 | D:4      | Killed Robin
  3489 | D:4      | Found a glowing silver altar of Zin.
  3607 | D:4      | Noticed Blork the orc
  3608 | D:4      | Noticed Grinder
  3619 | D:4      | Paralysed by Grinder for 4 turns
  3626 | D:4      | Paralysed by Grinder for 2 turns
  3628 | D:4      | Killed Blork the orc
  3629 | D:4      | Reached skill level 6 in Long Blades
  3640 | D:4      | Paralysed by Grinder for 5 turns
  3643 | D:4      | Killed from afar by Grinder

Illustrated notes

Levels and vault maps discovered:
D:1:      minmay_arrival_semitransparent, layout_basic,
          shapermc_ecumenical_altar_rom_forum, chequers_serial_rivers_micro_a,
          interstate_on_off, minmay_tromino_v4_c
D:2:      layout_basic
D:3:      layout_basic, mainiacjoe_overflow_surrounded_room, serial_shops,
          nicolae_shop_behind_doors, chequers_serial_rivers_large_a, uniq_ijyb
D:4:      layout_cave_pods, kennysheep_mini, portal_sewer_entry_e, serial_shops,
          nicolae_shop_stone, minmay_misc_feat_diagonals, uniq_robin,
          uniq_grinder, uniq_blork_the_orc

Skill      XL: |  1  2  3  4  5  6 |
---------------+-------------------+-----
Long Blades    | 4 5 6 |  6.0
Fighting       | 4 |  4.9
Armour         | 3 4 |  4.8
Dodging        | 3 |  3.4
Throwing       | |  0.5

Action                     |  1- 3 |  4- 6 || total
---------------------------+-------+-------++-------
  Melee: Falchion          |   105 |   126 ||   231
         Headbutt          |    18 |    24 ||    42
  Throw: Dart              |       |     6 ||     6
    Use: Potion            |       |     1 ||     1
 Armour: Animal skin       |     9 |       ||     9
         Ring mail         |    67 |     9 ||    76
         Chain mail        |       |   129 ||   129
  Dodge: Dodged            |    79 |    48 ||   127

Table legend: (Time is in decaauts)
 A = Elapsed time spent in this place.
 B = Non-inter-level travel time spent in this place.
 C = Inter-level travel time spent in this place.
 D = Time resting spent in this place.
 E = Time spent auto-exploring this place.
 F = Levels seen in this place.
 G = Mean time per level.
                   A        B        C        D        E       F      G
               +--------+--------+--------+--------+--------+-----+--------+
         Total |   3671 |   3671 |      0 |      0 |   2919 |   4 |  917.8 |
       Dungeon |   3671 |   3671 |      0 |      0 |   2919 |   4 |  917.8 |
               +--------+--------+--------+--------+--------+-----+--------+

Top non-repeatable levels by time:
     D:3: 1019 daAuts
     D:4: 994 daAuts
     D:1: 888 daAuts
     D:2: 769 daAuts
